 Dungeon Crawl Stone Soup version 0.24-a0-388-gb57f36d6e0 (webtiles) character file.

Game seed: 7352841890379517697

536 Chimkentus the Changer (level 7, 0/47 HPs)
             Began as an Octopode Transmuter on June 4, 2019.
             Slain by SnubMonkey's ghost (7 damage)
             ... on level 5 of the Dungeon.
             The game lasted 00:32:07 (5815 turns).

Chimkentus the Changer (Octopode Transmuter)        Turns: 5815, Time: 00:32:07

Health: 0/47       AC:  1    Str: 15    XL:     7   Next: 25%
Magic:  9/11       EV: 13    Int: 15    God:
Gold:   226        SH:  4    Dex: 14    Spells: 5/11 levels left

rFire    . . .     SeeInvis .   u - +2 whip (flame)
rCold    . . .     Gourm    .   y - +0 buckler
rNeg     . . .     Faith    .   (helmet restricted)
rPois    .         Spirit   .   k - amulet of magic regeneration
rElec    .         Reflect  .   i - ring of wizardry
rCorr    .         Harm     .   (no ring)
MR       .....                  (no ring)
Stlth    +++.......             (no ring)
HPRegen  0.15/turn              (no ring)
MPRegen  0.37/turn              (no ring)
                                (no ring)
                                (no ring)

@: mighty, appendage (expiring), very slightly contaminated
A: almost no armour, stealthy swim, amphibious, 8 rings, constrict 8, tentacle
spike 3, camouflage 1, gelatinous body 1
a: End Transformation


You were on level 5 of the Dungeon.
You were near starving.
One of your tentacles had a temporary spike.
You visited 2 branches of the dungeon, and saw 6 of its levels.

You collected 226 gold pieces.

Inventory:

Hand Weapons
 e - a +0 dagger
 p - a +0 dagger of venom
 q - a +0 hunting sling
 u - a +2 whip of flaming (weapon)
 D - a +0 falchion
Missiles
 a - 119 arrows
 b - 241 stones
 h - 91 sling bullets
 r - 32 bolts
 z - 15 poisoned darts (quivered)
Armour
 w - a +0 large shield
 y - a +0 buckler (worn)
Jewellery
 i - a ring of wizardry (left tentacle)
 j - an uncursed amulet of faith
 k - an amulet of magic regeneration (around mantle)
 s - an uncursed amulet of the gourmand
Wands
 C - a wand of disintegration (8)
Scrolls
 d - a scroll of fog {unknown}
 f - 2 scrolls of magic mapping {unknown}
 g - 2 scrolls of fear {unknown}
 l - 2 scrolls of remove curse {unknown}
 m - a scroll of enchant weapon {unknown}
 t - 2 scrolls of teleportation {unknown}
 v - 2 scrolls of enchant armour {unknown}
 B - 2 scrolls of blinking {unknown}
 F - a scroll of amnesia {unknown}
Potions
 n - a potion of magic
 x - a potion of might
 A - a potion of flight {unknown}
 E - a potion of brilliance {unknown}
 G - a potion of curing {unknown}
Comestibles
 c - 7 rations


   Skills:
 * Level 3.7 Fighting
 + Level 0.9 Short Blades
 + Level 0.3(1.1) Slings
 + Level 1.8(1.9) Throwing
 + Level 2.7 Dodging
 + Level 2.1 Stealth
 * Level 1.6 Shields
 + Level 3.2 Unarmed Combat
 + Level 2.8 Spellcasting
 * Level 4.4 Transmutations


You had 5 spell levels left.
You knew the following spells:

 Your Spells              Type           Power        Failure   Level  Hunger
a - Beastly Appendage     Tmut           ###...       1%          1    #......
b - Sticks to Snakes      Tmut           ###.....     2%          2    ##.....
c - Spider Form           Tmut/Pois      #.........   13%         3    ###....

Your spell library contained the following spells:

 Spells                   Type           Power        Failure   Level  Hunger
 Ice Form                 Ice/Tmut       #.......     38%         4    #####..
 Blade Hands              Tmut           ###.......   43%         5    ######.


Dungeon Overview and Level Annotations

Branches:
Dungeon (5/15)             Temple (1/1) D:5

Altars:
Ashenzari
Cheibriados
Dithmenos
Elyvilon
Fedhas
Gozag
Hepliaklqana
Kikubaaqudgha
Makhleb
Nemelex Xobeh
Okawaru
Qazlal
Ru
Trog
Vehumet
Wu Jian
Xom
Yredelemnul
The Shining One

Annotations:
D:5 SnubMonkey's ghost, novice GnWn


Innate Abilities, Weirdness & Mutations

You cannot wear most types of armour.
You are very stealthy in the water. (Stealth+)
You are amphibious.
You can wear up to eight rings at the same time.
You can use your tentacles to constrict eight enemies at once.
Your skin changes colour to match your surroundings (Stealth+).
Your rubbery body absorbs attacks. (AC +1, EV +1)
One of your tentacles bears a large vicious spike.


Message History

Your tentacle spike misses SnubMonkey's ghost.
SnubMonkey's ghost is severely damaged.
Your ball python bites SnubMonkey's ghost.
Your adder bites SnubMonkey's ghost but does no damage.
SnubMonkey's ghost hits your ball python!
Your ball python dies!
Your shield prevents you from hitting SnubMonkey's ghost.
Your tentacle spike misses SnubMonkey's ghost.
SnubMonkey's ghost is severely damaged.
Your transformation is almost over.
Your adder bites SnubMonkey's ghost but does no damage.
SnubMonkey's ghost hits you.
* * * LOW HITPOINT WARNING * * *
x2 Your adder bites SnubMonkey's ghost but does no damage.
You catch the helpless SnubMonkey's ghost completely off-guard!
You hit SnubMonkey's ghost. You burn SnubMonkey's ghost.
Your tentacle spike misses SnubMonkey's ghost.
SnubMonkey's ghost is severely damaged.
Your adder misses SnubMonkey's ghost. SnubMonkey's ghost hits you!
You die...

#.#.# ##.......#.... #.#.#
#............. #.#.#
#............. #.#.#
##########............#
##.#.######.......##............#
##.#.##...........##............#
...#+##..%........##............#
..................##............#
........###.....@.##....#########
........# #.....W.##..........#
........# #....S..##..........#
........# #......########.....#
####'#### ######.'≈≈≈≈!≈#.....#
####.# #.########.....# .....#
#..##..........#
###############################
................#


You could see SnubMonkey's ghost and a friendly adder.

Vanquished Creatures
  An ice beast (D:5)
  A necrophage (D:5)
  A scorpion (D:3)
  A howler monkey (D:5)
  A crimson imp (D:5)
  An iguana (D:5)
  An orc wizard (D:5)
  A worker ant zombie (D:5)
  5 adders
  2 oozes
  An adder skeleton (D:5)
  2 worms (D:2)
  A dart slug (D:2)
  5 leopard geckos
  9 orcs
  4 ball pythons
  A giant cockroach (D:1)
  6 goblins
  5 hobgoblins
  3 jackals
  2 quokkas
  6 bats
  7 frilled lizards
  9 kobolds
  A leopard gecko skeleton (D:4)
  7 rats
84 creatures vanquished.

Vanquished Creatures (collateral kills)
  An orc wizard (D:3)
  An ooze (D:1)
  2 orcs
  A hobgoblin (D:3)
  A kobold (D:1)
6 creatures vanquished.

Vanquished Creatures (others)
  A wizard (D:5)
1 creature vanquished.

Grand Total: 91 creatures vanquished

Notes
Turn   | Place    | Note
-------+----------+-------------------------------------------
     0 | D:1      | Chimkentus the Octopode Transmuter began the quest for the
                  | Orb.
     0 | D:1      | Reached XP level 1. HP: 13/13 MP: 3/3
   255 | D:1      | Reached XP level 2. HP: 18/18 MP: 3/5
   259 | D:1      | Learned a level 2 spell: Sticks to Snakes
   910 | D:2      | Reached XP level 3. HP: 23/23 MP: 6/6
  1444 | D:2      | Reached skill level 3 in Transmutations
  1444 | D:2      | Reached XP level 4. HP: 29/29 MP: 7/7
  1449 | D:2      | Learned a level 3 spell: Spider Form
  1563 | D:2      | Reached skill level 1 in Stealth
  2197 | D:3      | Found a stormy altar of Qazlal.
  2691 | D:3      | Reached XP level 5. HP: 26/34 MP: 3/8
  2793 | D:3      | Reached skill level 1 in Shields
  2998 | D:4      | Found a shattered altar of Ashenzari.
  3071 | D:4      | Found a hazy altar of Hepliaklqana.
  3097 | D:4      | Found an iron altar of Okawaru.
  3100 | D:4      | Found a shadowy altar of Dithmenos.
  3794 | D:5      | Entered Level 5 of the Dungeon
  3885 | D:5      | Noticed an ice beast
  4236 | D:5      | Reached XP level 6. HP: 25/41 MP: 9/9
  4540 | D:5      | Reached skill level 4 in Transmutations
  4610 | D:5      | Noticed a necrophage
  4621 | D:5      | Killed a necrophage
  4801 | D:5      | Found a staircase to the Ecumenical Temple.
  4807 | Temple   | Entered the Ecumenical Temple
  5437 | D:5      | Reached skill level 1 in Throwing
  5486 | D:5      | Found a bloodstained altar of Trog.
  5487 | D:5      | Noticed a wizard
  5493 | D:5      | Killed a wizard
  5579 | D:5      | Noticed an ice beast
  5589 | D:5      | Killed an ice beast
  5589 | D:5      | Reached XP level 7. HP: 47/47 MP: 11/11
  5774 | D:5      | Found a runed translucent door.
  5782 | D:5      | Noticed SnubMonkey's ghost (novice GnWn)
  5815 | D:5      | Slain by SnubMonkey's ghost

Levels and vault maps discovered:
D:1:      wander_arrival_peaceful_grave, layout_loops_ring
D:2:      layout_basic, minmay_quadrilaterals
D:3:      layout_basic, overflow_temple_1_default, first_ration
D:4:      layout_basic, evilmike_ruin_ashenzari, grunt_temple_overflow_open
D:5:      layout_basic, minmay_temple_entry_gardened_gates,
          ebering_ghost_sewer_d, trog_wizard
Temple:   eino_temple_water

Skill      XL: |  1  2  3  4  5  6  7 |
---------------+----------------------+-----
Transmutations | 3 4 |  4.4
Fighting       | 2 3 |  3.7
Stealth        | 1 2 |  2.1
Shields        | 1 |  1.6
Throwing       | 1 |  1.8
Short Blades   | |  0.9
Slings         | |  0.3
Dodging        | |  2.7
Unarmed Combat | |  3.2
Spellcasting   | |  2.8

Action                   |  1- 3 |  4- 6 |  7- 9 || total
-------------------------+-------+-------+-------++-------
Melee: Unarmed           |     8 |    11 |       ||    19
       Dagger            |    57 |   111 |       ||   168
       Kick              |    13 |    16 |     3 ||    32
       Constrict         |    18 |    30 |       ||    48
       Tentacles         |    12 |    18 |     1 ||    31
       Punch             |     1 |     3 |       ||     4
       Whip              |       |       |    14 ||    14
 Fire: Hunting sling     |       |     7 |       ||     7
Throw: Stone             |     2 |       |       ||     2
       Dart              |       |    40 |       ||    40
 Cast: Beastly Appendage |    18 |    27 |     2 ||    47
       Sticks to Snakes  |     4 |    17 |     5 ||    26
       Spider Form       |       |     3 |       ||     3
Evoke: Wand              |       |     5 |     4 ||     9
  Use: Scroll            |       |     3 |       ||     3
       Potion            |       |     1 |     3 ||     4
 Stab: Sleeping          |     9 |    10 |       ||    19
       Paralysed         |       |     4 |       ||     4
       Distracted        |       |       |     1 ||     1
  Eat: Chunk             |     2 |    19 |       ||    21
       Ration            |       |     2 |       ||     2
Armor: Skin              |     3 |     4 |       ||     7
Dodge: Dodged            |    43 |    53 |     9 ||   105
Block: Buckler           |       |     9 |     4 ||    13

Table legend:
 A = Non-vault XP
 B = Vault XP
 C = Vault XP percentage of total XP
 D = Non-vault monster count
 E = Vault monster count
 F = Vault count percentage of total count
                 A         B        C        D         E       F
            +---------+---------+-------+---------+---------+-------
      Total |     725 |      41 |   5.4 |      83 |       7 |   7.8
            +---------+---------+-------+---------+---------+-------
        D:1 |      30 |       0 |   0.0 |      18 |       0 |   0.0
        D:2 |      49 |      27 |  35.5 |      16 |       6 |  27.3
        D:3 |     140 |       0 |   0.0 |      26 |       0 |   0.0
        D:4 |      44 |       0 |   0.0 |       8 |       0 |   0.0
        D:5 |     462 |      14 |   2.9 |      15 |       1 |   6.2
            +---------+---------+-------+---------+---------+-------
